woodfighter, chaotic female orcish Cavewoman --- --<-- |...--- --....| ----.---. G ..---...... .........h... ...%.......... ......%)..%... .............. -.......--.. .....@u| - -...-- -.-- - woodfighter the Young Cave Woman Experience level: 8 Strength: 18/03 Dexterity: 13 Constitution: 18 Intelligence: 7 Wisdom: 9 Charisma: 8 Health: 0(69) Energy: 23(23) Def: 7 Gold: 0 Moves: 6075 Dungeon seed: niFOCs2_u3zXek-J Game ID: woodfighter_1489519172 Your Inventory: Amulets C - an uncursed amulet of flying (being worn) Weapons a - a +1 club (weapon in hand) b - a +2 sling (alternate weapon; not wielded) Armor n - an uncursed +1 dwarvish cloak q - an uncursed +0 dwarvish cloak r - an uncursed +0 dwarvish cloak R - an uncursed +0 elven cloak (being worn) S - an uncursed +0 pair of water walking boots (being worn) T - a blessed +0 studded leather armor (being worn) Y - an uncursed +0 orcish helm (being worn) Comestibles c - 4 uncursed food rations j - an uncursed sprig of wolfsbane l - an uncursed lembas wafer Rings i - an uncursed ring of free action (on left hand) O - an uncursed +1 ring of protection (on right hand) P - an uncursed ring of warning Tools f - a +0 pick-axe s - an uncursed sack y - an uncursed skeleton key U - a cursed magic lamp (lit) Gems e - 10 uncursed flints (in quiver) Contents of the sack: 100 gold pieces a [uncursed] scroll of enchant weapon a [uncursed] scroll of fire a [uncursed] scroll of light a [uncursed] potion of gain ability a [uncursed] tallow candle [0:200] a [cursed] tallow candle [0:200] Spells and supernatural/magical abilities: Name Level Category Fail Memory W - pray for help -- divine ? -- Your skills at the end: Miscellaneous Skills bare handed combat [Basic] stealth [Basic] Weapon Skills scimitar [Basic] club [Expert] sling [Basic] Spellcasting Skills Final Attributes: You were piously aligned. You were poison resistant. Your writing hand was ok. You had infravision. You were stealthy. You could fly. You could walk on water. You were protected. You were fast. You had free action. You were lucky. You are dead. Vanquished creatures: 2 giant mimics a giant beetle 2 iron piercers a gold golem a housecat a dust vortex a raven 2 gnome mummies 2 snakes a human zombie a rope golem a wood nymph 2 rock piercers a fog cloud a violet fungus 4 gnome lords 2 gnomish wizards 2 kobold mummies a guardian naga hatchling 2 gray oozes a floating eye 2 kittens 4 dwarves a kobold shaman 4 rothes a rabid rat 2 centipedes 2 giant bats a monkey 5 dwarf zombies 2 wererats a werejackal 15 killer bees a coyote 2 gas spores 3 hobbits a large kobold 4 geckos 3 hobgoblins 2 giant rats a cave spider 6 yellow molds 3 green molds 3 red molds 13 gnomes 2 gnome zombies 13 jackals 3 foxes 2 kobolds 11 newts 2 goblins 7 sewer rats 13 grid bugs 3 bats 2 lichens 3 kobold zombies 175 creatures vanquished. Voluntary challenges: You did not cause conflict. You were not invisible. You did not have reflection. You were not displaced. You used a wielded weapon 257 times, starting on turn 86. You did not apply a unicorn horn. You did not use plumbed fixtures. You did not drink any magical draughts. You read items or engraved 4 times, starting on turn 4591. You never genocided any monsters. You never polymorphed an object. You never changed form. You completed Sokoban on turn 4803, according to the rules. You used no wishes. You never split a pudding. You never wrote Elbereth's name. You never violated your personal moral code. Dungeon overview: The Dungeons of Doom: levels 1 to 9 Level 1 some fountains a long staircase Level 2 (vault) an altar to Ishtar Level 3 ( ) a general store, a fountain stairs to The Gnomish Mines Level 4 Level 5 Level 6 a weapon shop, a fountain Level 7 many fountains Level 8 (locekd box) an altar to Anshar stairs to Sokoban Level 9 The Gnomish Mines: levels 4 to 5 Level 4 stairs to The Dungeons of Doom Level 5 <- You were here Sokoban: levels 4 to 7 Level 4 a magic chest Level 5 Level 6 Level 7 a magic chest stairs to The Dungeons of Doom History has recorded: On T:1 you entered the Dungeons of Doom to retrieve the Amulet of Yendor! On T:315 you reached level 2 of The Dungeons of Doom. On T:734 you reached level 3 of The Dungeons of Doom. On T:893 you reached level 4 of The Dungeons of Doom. On T:960 you reached level 1 of The Gnomish Mines. On T:1015 you advanced to experience level 2. On T:1182 you reached level 5 of The Dungeons of Doom. On T:1361 you advanced to experience level 3. On T:1505 you reached level 6 of The Dungeons of Doom. On T:1709 you advanced to experience level 4. On T:1791 you reached level 7 of The Dungeons of Doom. On T:1939 you advanced to experience level 5. On T:2118 you reached level 8 of The Dungeons of Doom. On T:2192 you reached level 9 of The Dungeons of Doom. On T:2355 you reached level 4 of Sokoban. On T:2504 you advanced to experience level 6. On T:2753 you opened a magic chest. On T:3085 you reached level 3 of Sokoban. On T:3444 you reached level 2 of Sokoban. On T:4016 you reached level 1 of Sokoban. On T:4488 you advanced to experience level 7. On T:4803 you advanced to experience level 8. On T:4803 you entered the Sokoban zoo. On T:5319 you prayed to Anshar. On T:5333 you reached level 2 of The Gnomish Mines. Score breakdown: Gold: 100 ( 10 points) Experience: 8 levels ( 700 points) Exploration: 9 levels ( 240 points) Discoveries: 19 items ( 950 points) Variety of kills: 56 monsters ( 2000 points) Major goal: finished Sokoban ( 1000 points) Survival: died (score multiplied by 3) Total score: 14700 Latest messages: The white unicorn kicks! You hit the white unicorn! The white unicorn butts! The white unicorn kicks! The white unicorn misses. The white unicorn kicks! You hit the white unicorn! The white unicorn butts! The white unicorn kicks! The gnome misses. You kill the gnome! You kill the gnome lord! You see here a gnome corpse. The gnome lord wields a dagger! You hit the gnome lord! You kill the gnome lord! You see here 5 daggers. You see here a gnome corpse. The white unicorn butts! The white unicorn kicks! The white unicorn butts! The white unicorn kicks! You hit the white unicorn! The white unicorn butts! The white unicorn misses. The white unicorn butts! You die... Final status: Goodbye woodfighter the Cavewoman, killed by a white unicorn... You died in The Gnomish Mines on dungeon level 5 with 14700 points, and 100 pieces of gold, after 6075 moves. You were level 8 with a maximum of 69 hit points when you died.